 Dungeon Crawl Stone Soup version 0.29-a0-791-ga0f254aafb (webtiles) character file.

Game seed: 1435366961952245602

309 Malachi the Shooter (level 6, -3/39 HPs)
             Began as an Octopode Hunter on July 3, 2022.
             Slain by Natasha (5 damage)
             ... on level 4 of the Dungeon.
             The game lasted 00:03:56 (3943 turns).

Malachi the Shooter (Octopode Hunter)               Turns: 3943, Time: 00:03:57

Health: -3/39      AC:  1    Str: 11    XL:     6   Next: 41%
Magic:  6/6        EV: 13    Int: 11    God:
Gold:   159        SH:  5    Dex: 17    Spells: 5/5 levels left

rFire   . . .      SeeInvis .   a - +0 shortbow
rCold   . . .      Faith    .   (shield currently unavailable)
rNeg    . . .      Spirit   .   (helmet restricted)
rPois   .          Reflect  +   i - amulet of reflection
rElec   .          Harm     .   (no ring)
rCorr   .          Rampage  .   (no ring)
Will    .....                   (no ring)
Stlth   +++.......              (no ring)
HPRegen 0.13/turn               (no ring)
MPRegen 0.10/turn               (no ring)
                                (no ring)
                                (no ring)

@: slowed, very slow
A: almost no armour, amphibious, 8 rings, camouflage 1, gelatinous body 1,
(nimble swimmer 1), tentacles
a: no special abilities


You were on level 4 of the Dungeon.
You visited 1 branch of the dungeon, and saw 4 of its levels.

You collected 159 gold pieces.

Inventory:

Hand Weapons
 a - a +0 shortbow (weapon)
Missiles
 c - 13 poisoned darts
Jewellery
 i - an amulet of reflection (around mantle)
 o - a ring of flight
 p - a ring of wizardry
Scrolls
 b - a scroll of immolation
 e - 2 scrolls of enchant weapon
 f - 4 scrolls of magic mapping
 h - 2 scrolls of blinking
 j - a scroll of teleportation
Potions
 g - a potion of resistance
 k - a potion of might
 l - a potion of heal wounds
 n - a potion of invisibility {unknown}


   Skills:
 - Level 2.0 Fighting
 * Level 7.4 Ranged Weapons
 - Level 2.0 Dodging
 - Level 1.7 Stealth
 + Level 0.1 Shields


You had 5 spell levels left.
You didn't know any spells.
Your spell library was empty.

Dungeon Overview and Level Annotations

Branches:
Dungeon (4/15)
 Temple: D:4-7

Altars:
Sif Muna

Shops:
D:1 (

Annotations:
D:4 Natasha


Innate Abilities, Weirdness & Mutations

You cannot wear most types of armour.
You are amphibious.
You can wear up to eight rings at the same time.
Your skin changes colour to match your surroundings (Stealth+).
Your rubbery body absorbs attacks. (AC +1, EV +1)
((You are camouflaged when in or above water. (Stealth+)))
You have tentacles for arms and can constrict up to eight enemies at once.


Message History

Natasha mumbles some strange words.
Natasha's front paws start to glow.
Fire: a) +0 shortbow
Press: ? - help, Q - select action, (/) - cycle Shift-Dir - straight line, f/p - Natasha
Aim: Natasha (heavily wounded)
You shoot an arrow. The arrow closely misses Natasha.
Natasha barely misses you.
Unknown command.
Fire: a) +0 shortbow
Press: ? - help, Q - select action, (/) - cycle Shift-Dir - straight line, f/p - Natasha
Aim: Natasha (heavily wounded)
You shoot an arrow. The arrow hits Natasha.
Natasha is severely wounded.
Natasha misses you. The white imp barely misses you. Natasha claws you!
Fire: a) +0 shortbow
Press: ? - help, Q - select action, (/) - cycle Shift-Dir - straight line, f/p - Natasha
Aim: Natasha (severely wounded)
You shoot an arrow. The arrow closely misses Natasha.
The white imp hits you. The white imp freezes you. Natasha closely misses you.
Unknown command.
Fire: a) +0 shortbow
Press: ? - help, Q - select action, (/) - cycle Shift-Dir - straight line, f/p - Natasha
Aim: Natasha (severely wounded)
You shoot an arrow. The arrow barely misses Natasha.
You block the white imp's attack.
Natasha mewls in sadness.
Natasha misses you. The white imp misses you. Natasha claws you.
* * * LOW HITPOINT WARNING * * *
Fire: a) +0 shortbow
Press: ? - help, Q - select action, (/) - cycle Shift-Dir - straight line, f/p - Natasha
Aim: Natasha (severely wounded)
You shoot an arrow. The arrow closely misses Natasha.
The white imp hits you.
* * * LOW HITPOINT WARNING * * *
The white imp freezes you.
* * * LOW HITPOINT WARNING * * *
Natasha wildly gestures.
Natasha glows brightly for a moment.
Natasha barely misses you. You block the white imp's attack. Natasha claws you.
You die...

......>..
...#.[......
#####..##.....#
###..#..###.<...#
##......##.).#...#
#.........).####....
#..........##.# ##.
#.5h.)).........
#.@.)..)####....
#......).# .....
##.....).# .##.
#.......# #
#.......# #.....#..#
####..#..# #####..


You could see Natasha and a white imp (summoned).

Vanquished Creatures
  An orc priest (D:3)
  Natasha (D:4)
  4 orc wizards
  3 gnolls (D:4)
  3 adders
  2 dart slugs (D:1)
  10 orcs
  7 endoplasms
  3 giant cockroaches (D:1)
  8 goblins
  8 hobgoblins
  8 kobolds
  3 quokkas
  6 ball pythons
  9 bats
  3 frilled lizards
  7 rats
86 creatures vanquished.

Notes
Turn   | Place    | Note
-------+----------+-------------------------------------------
     0 | D:1      | Malachi the Octopode Hunter began the quest for the Orb.
     0 | D:1      | Reached XP level 1. HP: 14/14 MP: 1/1
    66 | D:1      | Reached XP level 2. HP: 19/19 MP: 2/2
   199 | D:1      | Reached XP level 3. HP: 16/24 MP: 3/3
   297 | D:1      | Found Vaixer's Weapon Shoppe.
   445 | D:1      | Reached skill level 5 in Ranged Weapons
   910 | D:2      | Found a shimmering blue altar of Sif Muna.
   913 | D:2      | Reached XP level 4. HP: 29/29 MP: 4/4
  1475 | D:3      | Reached skill level 6 in Ranged Weapons
  1572 | D:3      | Reached XP level 5. HP: 28/34 MP: 5/5
  1587 | D:3      | HP: 1/34 [orc/+0 short sword (1)]
  3477 | D:4      | Noticed Natasha
  3481 | D:4      | Killed Natasha
  3485 | D:3      | Reached skill level 7 in Ranged Weapons
  3645 | D:4      | Reached XP level 6. HP: 29/39 MP: 6/6
  3934 | D:4      | Noticed Natasha
  3943 | D:4      | Slain by Natasha

Illustrated notes

Levels and vault maps discovered:
D:1:      dpeg_arrival_subterranean_lakeside_camping, layout_rooms,
          serial_shops, nicolae_shop_trees
D:2:      layout_rooms, basic_altar
D:3:      layout_loops_ring
D:4:      layout_cave_pools, corexii_shack, uniq_eustachio, uniq_natasha

Skill      XL: |  1  2  3  4  5 |
---------------+----------------+-----
Ranged Weapons | 5 6 7 |  7.4
Fighting       | |  2.0
Dodging        | |  2.0
Stealth        | |  1.7
Shields        | |  0.1

Action                   |  1- 3 |  4- 6 || total
-------------------------+-------+-------++-------
 Fire: Shortbow          |    86 |   208 ||   294
  Use: Potion            |       |     5 ||     5
       Scroll            |       |     7 ||     7
Armor: Skin              |     2 |     3 ||     5
Dodge: Dodged            |    11 |    78 ||    89
Block: Other             |       |    32 ||    32
       Reflection        |       |     1 ||     1

Table legend: (Time is in decaauts)
 A = Elapsed time spent in this place.
 B = Non-inter-level travel time spent in this place.
 C = Inter-level travel time spent in this place.
 D = Time resting spent in this place.
 E = Time spent auto-exploring this place.
 F = Levels seen in this place.
 G = Mean time per level.
                   A        B        C        D        E       F      G
               +--------+--------+--------+--------+--------+-----+--------+
         Total |   4010 |   3906 |    104 |   1713 |   1662 |   4 | 1002.5 |
       Dungeon |   4010 |   3906 |    104 |   1713 |   1662 |   4 | 1002.5 |
               +--------+--------+--------+--------+--------+-----+--------+

Top non-repeatable levels by time:
     D:3: 2140 daAuts
     D:2: 872 daAuts
     D:1: 662 daAuts
     D:4: 335 daAuts
